AoeStats
← adripanzer

Arena

510172819Analyzed
4v4 RM · 3d ago on Sep 29, 2026· 64m 26s· 8 players
Game mode
Random Map
Map size
Large (8 player)
Population
200
Speed
Normal
Resources
Standard
Victory
Conquest
Starting age
Dark Age
Ending age
Imperial Age
RankedLock teamsTeams togetherTeam positionsShared explorationLock speedFull tech treeHidden civsTurbo modeCheats
Victory
Defeat
🇦🇷 Japanese · Argentina
772
+11
🇵🇹 Maya · Portugal
770
+11
🇲🇽 Teutons · Mexico
720
+13
🇨🇴 Malians · Colombia
711
+14
🇩🇪 Persians · Germany
696
-14
🇫🇷 Byzantines · France
664
-12
🇪🇸 Vietnamese · Spain
662
-12
🇹🇷 Persians · Türkiye
636
-11
alexisben78
0:30 Loom
11:33 Feudal Age
21:53 Castle Age
20:09 Man-at-Arms
21:52 Double-Bit Axe
22:16 Stone Mining
22:20 Gold Mining
25:57 Bow Saw
29:02 Pikeman
32:28 Imperial Age
29:59 Murder Holes
30:48 Long Swordsman
31:16 Gambesons
31:11 Light Cavalry
32:07 Forging
32:00 Scale Mail Armor
33:00 Capped Ram
35:33 Chemistry
38:33 Elite Cataphract
41:58 Fletching
51:23 Siege Ram
55:04 Scale Barding Armor
54:56 Bodkin Arrow
59:13 Chain Mail Armor
adripanzer
5:13 Loom
10:29 Feudal Age
10:56 Double-Bit Axe
10:55 Horse Collar
11:09 Stone Mining
13:36 Gold Mining
18:52 Castle Age
17:29 Town Watch
19:43 Bow Saw
19:34 Heavy Plow
20:52 Wheelbarrow
22:27 Fortified Wall
23:56 Fletching
24:35 Ballistics
24:35 Hand Cart
27:28 Town Patrol
28:42 Treadmill Crane
34:06 Imperial Age
32:23 Thumb Ring
31:40 Elite Skirmisher
34:44 Bodkin Arrow
34:50 Padded Archer Armor
35:55 Chemistry
34:51 Murder Holes
34:20 Imperial Skirmisher
35:34 Caravan
37:08 Paper Money
38:38 Bracer
38:54 Leather Archer Armor
42:44 Husbandry
42:55 Bloodlines
42:06 Elite Battle Elephant
42:51 Chatras
43:26 Ring Archer Armor
43:07 Forging
43:03 Scale Barding Armor
56:03 Pikeman
56:44 Squires
57:25 Iron Casting
56:51 Scale Mail Armor
58:07 Halberdier
60:07 Light Cavalry
demirovsky
1:08 Loom
11:52 Feudal Age
12:21 Double-Bit Axe
12:23 Horse Collar
14:13 Gold Mining
16:26 Town Watch
17:18 Wheelbarrow
17:51 Stone Mining
19:25 Arson
19:01 Man-at-Arms
23:01 Castle Age
22:44 Bloodlines
23:31 Husbandry
25:17 Bow Saw
32:05 Imperial Age
29:42 Murder Holes
30:30 Bow Saw
33:35 Chemistry
34:06 Two-Man Saw
33:09 Heavy Plow
35:10 Squires
40:29 Conscription
40:32 Hand Cart
40:18 Town Patrol
41:18 Gold Shaft Mining
41:23 Stone Shaft Mining
43:45 Caravan
45:28 Cavalier
51:03 Heavy Scorpion
Dr Noob Killer 82
14:24 Feudal Age
15:10 Horse Collar
15:16 Double-Bit Axe
16:19 Gold Mining
16:23 Stone Mining
16:13 Man-at-Arms
21:56 Castle Age
22:26 Husbandry
31:40 Imperial Age
31:03 Kamandaran
32:24 Elite War Elephant
33:51 Gold Shaft Mining
33:31 Bow Saw
33:26 Heavy Plow
35:04 Thumb Ring
34:20 Crossbowman
34:53 Arson
35:09 Squires
34:29 Pikeman
36:37 Caravan
36:51 Halberdier
40:44 Chemistry
46:50 Heavy Scorpion
Conde Montanelas
11:46 Feudal Age
12:22 Double-Bit Axe
12:20 Horse Collar
16:38 Wheelbarrow
21:11 Castle Age
20:30 Fletching
22:05 Bow Saw
21:58 Heavy Plow
23:11 Pikeman
23:52 Squires
24:20 Hand Cart
24:21 Stone Mining
26:03 Forging
28:17 Caravan
29:49 Gold Mining
36:08 Imperial Age
34:20 Murder Holes
34:35 Masonry
36:45 Iron Casting
37:50 Hoardings
38:16 Crop Rotation
39:27 Stone Shaft Mining
40:44 Two-Man Saw
40:18 Architecture
40:49 Chemistry
41:17 Blast Furnace
42:00 Ballistics
41:52 Fortified Wall
41:19 Halberdier
41:46 Arson
42:01 Bodkin Arrow
44:28 Holcans
43:59 Hul'che Javelineers
48:32 Elite Plumed Archer
57:46 Bracer
63:16 Scale Mail Armor
63:16 Padded Archer Armor
Balardroch
0:41 Loom
13:41 Feudal Age
22:22 Castle Age
20:16 Horse Collar
20:23 Double-Bit Axe
21:36 Forging
23:24 Heavy Plow
23:41 Bow Saw
23:26 Gold Mining
25:27 Stone Mining
26:19 Treadmill Crane
27:00 Masonry
27:01 Fortified Wall
27:16 Fervor
28:41 Wheelbarrow
27:52 Town Watch
30:34 Iron Casting
30:05 Scale Barding Armor
30:55 Fletching
31:36 Husbandry
31:46 Bloodlines
34:31 Imperial Age
32:39 Chain Barding Armor
32:33 Husbandry
33:26 Bloodlines
35:54 Crop Rotation
38:08 Conscription
38:49 Hand Cart
38:45 Caravan
39:26 Farimba
41:23 Heavy Camel Rider
44:01 Scale Mail Armor
46:26 Chain Mail Armor
47:38 Elite Gbeto
55:09 Chemistry
54:30 Ballistics
54:42 Architecture
59:45 Plate Mail Armor
Nahue
2:11 Loom
10:05 Feudal Age
10:37 Double-Bit Axe
10:34 Horse Collar
18:04 Castle Age
19:18 Bow Saw
19:10 Heavy Plow
19:09 Stone Mining
19:11 Gold Mining
27:17 Pikeman
28:51 Gold Shaft Mining
33:52 Imperial Age
32:21 Wheelbarrow
32:13 Padded Archer Armor
32:03 Fletching
33:50 Forging
33:40 Scale Mail Armor
33:59 Leather Archer Armor
33:39 Bodkin Arrow
33:53 Scale Barding Armor
34:41 Hand Cart
34:29 Gambesons
35:39 Ballistics
35:50 Masonry
35:21 Treadmill Crane
39:13 Two-Man Saw
39:15 Bracer
39:50 Ring Archer Armor
39:56 Iron Casting
40:20 Squires
40:38 Halberdier
46:10 Chemistry
44:59 Heavy Cavalry Archer
45:45 Thumb Ring
46:06 Parthian Tactics
46:44 Blast Furnace
46:00 Chain Mail Armor
53:34 Elite Samurai
54:43 Conscription
GUSTAVO SOSA JR.
7:37 Loom
12:41 Feudal Age
13:08 Horse Collar
13:17 Double-Bit Axe
23:06 Castle Age
21:29 Gold Mining
21:57 Scale Barding Armor
22:26 Bloodlines
23:29 Forging
31:00 Caravan
31:32 Coinage
37:10 Imperial Age
35:59 Scale Mail Armor
36:34 Iron Casting
37:37 Chain Barding Armor
37:33 Chain Mail Armor
38:18 Conscription
38:01 Elite Teutonic Knight
38:55 Town Watch
40:30 Plate Mail Armor
41:00 Blast Furnace
39:55 Cavalier
43:02 Squires
42:47 Gambesons
42:49 Arson
47:13 Paladin
48:56 Plate Barding Armor
62:30 Wheelbarrow
Connection lost

Rejoining the realm…

Still unreachable

The connection could not be restored.

Session expired

The server has moved on; the page needs a fresh start.